 Dungeon Crawl Stone Soup version 0.29.1-12-g30fa7ad0bf (webtiles) character file.

Game seed: 2881464567385985328

548 MrSixtyFour the Grave Robber (level 7, -1/36 HPs)
             Began as a Kobold Necromancer on Dec 21, 2022.
             Slain by a kobold brigand
             ... wielding a +0 whip
              (3 damage)
             ... in a sewer.
             The game lasted 00:20:17 (5239 turns).

MrSixtyFour the Grave Robber (Kobold Necromancer)   Turns: 5239, Time: 00:20:17

Health: -1/36      AC:  5    Str:  5    XL:     7   Next: 54%
Magic:  5/13       EV: 16    Int: 19    God:
Gold:   292        SH:  0    Dex: 15    Spells: 13/14 levels left

rFire   . . .      SeeInvis .   w - +2 dagger (venom)
rCold   . . .      Faith    .   (no shield)
rNeg    . . .      Spirit   .   s - +2 robe {Will+}
rPois   .          Reflect  .   (no helmet)
rElec   .          Harm     .   (no cloak)
rCorr   +          Rampage  .   q - +0 pair of gloves
Will    ++...                   (no boots)
Stlth   +++.......              (no amulet)
HPRegen 0.12/turn               n - ring of resist corrosion
MPRegen 0.13/turn               (no ring)

@: brilliant, lethally poisoned (-1 -> -18), slowed, very slow
A: small, no large weapons, nightstalker 3, strong-willed 1
a: no special abilities


You were in a sewer.
You visited 1 branch of the dungeon, and saw 5 of its levels.
You also visited: Sewer.

You collected 292 gold pieces.

Inventory:

Hand Weapons
 g - a +0 dagger
 w - a +2 dagger of venom (weapon)
Missiles
 e - 32 stones
Armour
 q - a +0 pair of gloves (worn)
 s - a +2 robe of willpower (worn)
Jewellery
 n - a ring of resist corrosion (left hand)
Scrolls
 d - 3 scrolls of teleportation {unknown}
 f - a scroll of brand weapon {unknown}
 k - 3 scrolls of identify {unknown}
 l - a scroll of blinking {unknown}
 m - a scroll of enchant weapon {unknown}
 p - a scroll of fog {unknown}
 r - a scroll of amnesia {unknown}
 t - 2 scrolls of vulnerability {unknown}
 u - a scroll of summoning {unknown}
Potions
 a - a potion of attraction {unknown}
 b - 2 potions of magic
 c - a potion of lignification
 h - 3 potions of might
 i - a potion of brilliance
 j - 2 potions of mutation
 o - a potion of flight {unknown}
 v - 2 potions of curing {unknown}


   Skills:
 + Level 5.0 Dodging
 - Level 3.0 Stealth
 + Level 4.3 Spellcasting
 + Level 5.5 Necromancy
 + Level 3.3 Transmutations


You had 13 spell levels left.
You knew the following spells:

 Your Spells              Type           Power      Damage    Failure   Level
a - Necrotise             Necr           100%       1d9       1%          1

Your spell library contained the following spells:

 Spells                   Type           Power      Damage    Failure   Level
 Beastly Appendage        Tmut           50%        N/A       3%          1
 Wereblood                Tmut           25%        N/A       4%          2
 Vampiric Draining        Necr           37%        2d8       4%          3
 Animate Dead             Necr           37%        N/A       14%         4
 Spider Form              Tmut/Pois      15%        N/A       21%         3
 Agony                    Necr           37%        N/A       36%         5


Dungeon Overview and Level Annotations

Branches:
Dungeon (5/15)              Sewer (1/1)
 Temple: D:4-7

Altars:
Gozag
Uskayaw
The Shining One
Lugonu

Portals:
Abyss: D:4


Innate Abilities, Weirdness & Mutations

You are small and have problems with some larger weapons.
You are completely attuned to the shadows.
You are strong-willed. (Will+)


Message History

The curare-tipped dart hits you.
You are poisoned.
You have difficulty breathing.
You feel yourself slow down.
Aiming: Necrotise (safe; 1% risk of failure)
Press: ? - help, Q - select action, (/) - cycle Shift-Dir - straight line, f - kobold, p - kobold brigand
Aim: a kobold, wielding a +0 short sword (chance to affect: 93%)
The kobold barely resists.
You feel very sick.
Aiming: Necrotise (safe; 1% risk of failure)
Press: ? - help, Q - select action, (/) - cycle Shift-Dir - straight line, f/p - kobold
Aim: a kobold, wielding a +0 short sword (chance to affect: 93%)
The kobold writhes in agony.
You kill the kobold!
The dead are walking!
You feel sick.
Your rat skeleton bites the kobold brigand but does no damage.
The kobold brigand closely misses you.
You feel sick.
The kobold brigand throws a curare-tipped dart.
The curare-tipped dart hits you.
You are more poisoned.
You have difficulty breathing.
You feel as though you will be slow longer.
Your rat skeleton bites the kobold brigand but does no damage.
Your kobold skeleton closely misses the kobold brigand.
It was a potion of brilliance.
You feel clever all of a sudden.
You feel very sick.
The kobold brigand throws a curare-tipped dart.
The curare-tipped dart hits you.
You are lethally poisoned!
You have difficulty breathing.
* * * LOW HITPOINT WARNING * * *
You feel as though you will be slow longer.
Your rat skeleton closely misses the kobold brigand.
It was a potion of mutation.
You feel extremely strange.
You feel strong-willed.
* * * LOW HITPOINT WARNING * * *
You feel extremely sick.
The kobold brigand hits you with a +0 whip.
You die...

.~~≈≈≈≈≈≈≈≈≈≈≈≈≈≈≈≈
...~.~~≈~≈~≈~~≈≈≈≈≈≈≈# #
.....~.~~.~.~.~~≈~≈~~# .#
..............~..Z~..#...
.................KZ..'...
........##......@....#...
.......#####........## .#
#..##...# ###...#### #
..#####..∩ ##### .## ###
##


You could see a kobold brigand (ally target), a friendly rat skeleton and a
friendly kobold skeleton.

Vanquished Creatures
  A water moccasin (D:4)
  A necrophage (D:4)
  A bullfrog (D:4)
  A scorpion (D:5)
  A jelly (D:5)
  A hound (D:4)
  An iguana (D:4)
  A river rat (Sewer)
  9 adders
  2 worms
  A dart slug (D:4)
  2 orcs
  A bat (D:3)
  7 endoplasms
  8 giant cockroaches
  5 goblins
  6 hobgoblins
  4 jackals (D:1)
  5 quokkas
  5 ball pythons
  4 frilled lizards
  9 kobolds
  8 rats
84 creatures vanquished.

Vanquished Creatures (collateral kills)
  An adder (D:2)
  A ball python (D:4)
2 creatures vanquished.

Grand Total: 86 creatures vanquished

Notes
Turn   | Place    | Note
-------+----------+-------------------------------------------
     0 | D:1      | MrSixtyFour the Kobold Necromancer began the quest for the
                  | Orb.
     0 | D:1      | Reached XP level 1. HP: 10/10 MP: 3/3
   443 | D:1      | Reached XP level 2. HP: 15/15 MP: 3/5
   804 | D:1      | Found a faded altar of an unknown god.
  1221 | D:2      | Reached XP level 3. HP: 19/19 MP: 3/6
  1708 | D:2      | Reached skill level 1 in Transmutations
  1815 | D:2      | Reached XP level 4. HP: 8/24 MP: 1/8
  2755 | D:3      | Found a glowing golden altar of the Shining One.
  3169 | D:4      | Reached XP level 5. HP: 28/28 MP: 5/9
  3377 | D:4      | Noticed a bullfrog
  3427 | D:4      | Found a one-way gate to the infinite horrors of the Abyss.
  3491 | D:4      | Noticed a water moccasin
  3501 | D:4      | Killed a water moccasin
  3502 | D:4      | Reached skill level 5 in Necromancy
  3502 | D:4      | Reached XP level 6. HP: 11/32 MP: 6/11
  3791 | D:4      | Found a hide-covered altar of Uskayaw.
  3791 | D:4      | Found an opulent altar of Gozag.
  4009 | D:4      | Reached XP level 7. HP: 14/36 MP: 0/13
  4360 | D:4      | Found a large runed translucent door.
  4362 | D:4      | Found a large runed translucent door.
  4874 | D:4      | Found a corrupted altar of Lugonu.
  4989 | D:5      | Entered Level 5 of the Dungeon
  5033 | D:5      | Found a glowing drain.
  5165 | D:5      | Reached skill level 5 in Dodging
  5182 | Sewer    | Entered a sewer
  5239 | Sewer    | Gained mutation: You are strong-willed. (Will+) [potion of
                  | mutation]
  5239 | Sewer    | Slain by a kobold brigand

Illustrated notes

Levels and vault maps discovered:
D:1:      minmay_arrival_nine_rooms, layout_rooms,
          shapermc_ecumenical_altar_flowoftime, minmay_misc_feat_ornament,
          minivault_19
D:2:      layout_basic
D:3:      layout_basic, lemuel_doored_altar
D:4:      due_chaos_kobolds, layout_basic, jmf_multi_god_temple,
          minmay_fractal_squares_5
D:5:      layout_gridville, minmay_temple_entry_nine_rooms,
          gup_sewer_entry_glass, serial_bayou_lake_a
Sewer:    sewer_minmay_treatment

Skill      XL: |  1  2  3  4  5  6  7 |
---------------+----------------------+-----
Stealth        | 3 |  3.0
Dodging        | 3 4 5 |  5.0
Transmutations | 1 2 3 |  3.3
Spellcasting   | 3 4 |  4.3
Necromancy     | 5 |  5.5

Action                   |  1- 3 |  4- 6 |  7- 9 || total
-------------------------+-------+-------+-------++-------
Melee: Unarmed           |    12 |       |       ||    12
       Dagger            |    15 |    19 |    17 ||    51
       Punch             |     1 |       |       ||     1
 Cast: Necrotise         |    56 |    64 |    39 ||   159
  Use: Potion            |       |     2 |     3 ||     5
Armor: Robe              |     8 |     9 |     4 ||    21
       Skin              |       |       |     6 ||     6
Dodge: Dodged            |    40 |    30 |    20 ||    90
